 Dungeon Crawl Stone Soup version 0.16.0 (webtiles) character file.

103608 JohnnyRipsauce the Unseen (level 16, -4/100 HPs)
             Began as a Kobold Berserker on Mar 20, 2015.
             Was the Champion of Trog.
             Slain by a spectral six-headed hydra (12 damage)
             ... called from beyond by a ghost crab
             ... on level 3 of the Swamp.
             The game lasted 05:12:37 (30102 turns).

JohnnyRipsauce the Unseen (Kobold Berserker)       Turns: 30102, Time: 05:12:38

Health: -4/100     AC: 13    Str: 19      XL:     16   Next: 89%
Magic:  28/28      EV: 33    Int:  4 (6)  God:    Trog [******]
Gold:   1154       SH:  8    Dex: 26      Spells: 0 memorised, 15 levels left

rFire  + . .     SeeInvis .     c - +11 quick blade (vamp)
rCold  + . .     Rnd*Rage +     b - +2 robe {MR+}
rNeg   + . .     SustAb   .     J - +0 buckler (curse)
rPois  +         Gourm    .     N - +0 helmet
rElec  +         Spirit   .     y - +2 cloak
rCorr  .         Warding  +     I - +1 pair of gloves
rMut   .         Stasis   .     o - +2 pair of boots of the Elven Halls {rElec rPois rF+ Int+3}
MR     ++...                    W - amulet "Yggibealunu" {Ward rC+ rN+ Str+2 Dex+5 Slay+2}
Stlth  +++++.....               n - ring of stealth
                                V - ring of invisibility

@: exhausted, very slightly contaminated, slowed, drained, very slow, very
resistant to hostile enchantments, quite stealthy
A: berserk 2, carnivore 3, deterioration 1, dopey 1, low mp 1, wild magic 1
a: Burn Spellbooks, Berserk, Trog's Hand, Brothers in Arms, Renounce Religion,
Evoke Invisibility


You were on level 3 of the Swamp.
You worshipped Trog.
Trog was exalted by your worship.
You were very hungry.

You visited 5 branches of the dungeon, and saw 31 of its levels.
You also visited: Volcano.

You collected 2423 gold pieces.
You spent 1269 gold pieces at shops.

Inventory:

Hand weapons
 c - a +11 vampiric quick blade (weapon)
 d - a +4 antimagic rapier
 Q - a +0 blowgun
Missiles
 h - 45 poisoned needles
 B - 13 needles of frenzy
 K - 17 needles of confusion
 O - 2 needles of paralysis
 R - 2 curare-tipped needles
 X - 7 tomahawks of returning (quivered)
Armour
 b - a +2 robe of magic resistance (worn)
 o - the +2 pair of boots of the Elven Halls (worn) {rElec rPois rF+ Int+3}
   (You bought it in a shop on level 5 of the Dungeon)

   It affects your intelligence (+3).
   It protects you from fire.
   It insulates you from electricity.
   It protects you from poison.
 y - a +2 cloak (worn)
 I - a +1 pair of gloves (worn)
 J - a cursed +0 buckler (worn)
 L - the +3 ring mail of Boredom {-Tele +Fly rN+}
   (You found it on level 7 of the Dungeon)

   It protects you from negative energy.
   It lets you fly.
   It prevents most forms of teleportation.
 N - a +0 helmet (worn)
Jewellery
 n - a ring of stealth (right hand)
 p - an uncursed ring of poison resistance
 s - an uncursed ring of protection from fire
 G - an uncursed ring of see invisible
 V - a ring of invisibility (left hand)
 W - the amulet "Yggibealunu" (around neck) {Ward rC+ rN+ Str+2 Dex+5 Slay+2}
   (You bought it in a shop on level 5 of the Dungeon)

   [amulet of warding]

   It may prevent the melee attacks of summoned creatures.
   It affects your strength (+2).
   It affects your dexterity (+5).
   It affects your accuracy and damage with ranged weapons and melee attacks
   (+2).
   It protects you from cold.
   It protects you from negative energy.
Magical devices
 q - a wand of confusion (36)
 x - a wand of frost (23)
 A - a wand of enslavement (13)
 C - a wand of paralysis (18)
 F - a wand of fire (5)
 S - a wand of invisibility (7)
 Y - a wand of confusion (28)
Scrolls
 e - 10 scrolls of remove curse
 k - 6 scrolls of magic mapping
 m - 8 scrolls of enchant weapon
 u - a scroll of blinking
 w - 3 scrolls of recharging
 z - 2 scrolls of fear
 D - 9 scrolls of teleportation
 E - a scroll of fog
 U - 3 scrolls of enchant armour
 Z - 4 scrolls of identify
Potions
 g - 2 potions of restore abilities
 i - 5 potions of haste
 j - 11 potions of curing
 t - 7 potions of cure mutation
 v - 3 potions of invisibility
 M - 2 potions of resistance
 T - 3 potions of heal wounds
Miscellaneous
 H - a stone of tremors
Comestibles
 f - 12 meat rations
 l - 3 beef jerkies
 r - 13 slices of pizza


   Skills:
 - Level 11.4(11.2) Fighting
 - Level 14.1(13.8) Short Blades
 - Level 11.6(11.4) Throwing
 - Level 1.5(1.4) Armour
 - Level 15.7(15.5) Dodging
 - Level 17.9(17.6) Stealth
 + Level 5.2(5.0) Shields
 - Level 15.0(14.8) Evocations


You had 15 spell levels left.
You didn't know any spells.

Dungeon Overview and Level Annotations

Branches:
Dungeon (15/15)            Temple (0/1) D:6            Lair (8/8) D:9
  Swamp (3/5) Lair:4       Spider (1/5) Lair:3        Slime (0/6) Lair:8
    Orc (4/4) D:11         Vaults (0/5) D:14         Depths (0/5) D:15
    Elf: Orc:3-4

Altars:
Elyvilon
Fedhas
Kikubaaqudgha
Makhleb
Nemelex Xobeh
Sif Muna
Yredelemnul
Zin
The Shining One
Beogh

Shops:
D:5 [=   D:6 =   D:9 :   D:12 [   D:13 :   Orc:4 **%}

Annotations:
D:5 ammy and boots shop!
Lair:8 slime pits!


Innate Abilities, Weirdness & Mutations

You are small and have problems with some larger weapons.
You are carnivorous and can eat meat at any time.
You often lose your temper in combat.
Your body is slowly deteriorating.
You are dopey. (Int -2)
Your magical capacity is low (-10% MP).
Your spells are a little harder to cast, but a little more powerful.


Message History

The spectral six-headed hydra bites you but does no damage.
The spectral six-headed hydra closely misses you.
The spectral six-headed hydra barely misses you.
The spectral six-headed hydra bites you.
* * * LOW HITPOINT WARNING * * *
The spectral six-headed hydra completely misses you.
You enter the shallow water.
Moving in this stuff is going to be slow.
The swamp dragon breathes poison at you.
The blast of poison engulfs the spectral six-headed hydra.
The spectral six-headed hydra completely resists.
The spectral storm dragon misses you.
The spectral storm dragon completely misses you.
You block the spectral storm dragon's attack.
The spectral six-headed hydra bites you!
* * * LOW HITPOINT WARNING * * *
The spectral six-headed hydra completely misses you. x2
You block the spectral six-headed hydra's attack.
The spectral six-headed hydra bites you!
You die...

≈≈§≈.........♣..♣≈..♣
♣♣.....≈≈≈≈
≈≈≈≈≈≈.≈≈♣♣≈...§.≈.♣♣
♣.≈...≈≈♣♣≈
≈≈≈♣.≈.≈≈≈≈≈♣♣≈.≈≈.♣
♣♣..≈≈...♣≈
♣.≈≈..%....♣♣♣♣.≈..♣
♣♣..≈.≈≈≈≈
♣.♣≈≈≈≈≈≈.♣♣ ♣.♣.♣♣
♣♣≈.≈≈≈♣≈ ♣≈≈≈≈≈≈♣≈.♣
♣.≈♣> ♣≈≈.....
...≈≈....♣♣ ♣≈≈§♣♣
♣♣≈≈.♣.≈ .♣.≈≈≈..♣♣
♣§§§♣ ♣..≈♣♣.≈
§...≈≈♣.♣ ♣§@§♣
♣♣..♣♣.≈ ≈♣♣.≈♣≈≈♣
♣♣§ZZ♣ ♣≈§♣.♣≈
♣.≈≈≈♣♣ ♣.Z§§♣♣
♣.≈♣♣.♣ ♣....♣
♣.§§§§♣ ♣..♣.≈ ♣.≈.♣♣
♣.§§§§♣ ♣...≈♣ ♣.≈.♣
♣♣.≈≈§D♣♣ ♣.≈≈≈ ♣...♣
♣..≈.t..♣♣ ♣... ♣♣≈.♣
♣♣.§♣≈.Z§§♣ .≈§ ♣..♣♣
♣..≈≈≈§§§♣♣ §


You could see a swamp dragon, a ghost crab, a spectral seven-headed hydra, a
spectral six-headed hydra, a spectral swamp drake and a spectral storm dragon.

Vanquished Creatures
  2 thorn hunters (Swamp:3)
  A dire elephant (D:15)
  Snorg (Lair:7)
  5 vault guards (D:14)
  16 hydras
  A ghost crab (Swamp:3)
  2 catoblepae
  5 alligators (Swamp:1)
  A deep troll shaman (Lair:8)
  6 death yaks (Lair:8)
  4 orc high priests (Orc:4)
  Urug (D:11)
  Nergalle (Lair:4)
  The ghost of busb the Martial Artist, an experienced OpSu of Ru (D:10)
  An unseen horror (D:13)
  A swamp dragon (Swamp:1)
  2 hill giants
  Erolcha (Orc:3)
  Pikel (D:9)
  6 orc knights
  A cyclops (D:15)
  2 wizards (D:12)
  5 orc sorcerers
  A griffon (Lair:5)
  A manticore (D:15)
  An orb spider (Lair:3)
  A salamander (D:15)
  A wolf spider (D:15)
  21 ugly things
  16 elephants
  A black mamba (Lair:3)
  Joseph (Orc:3)
  An orange demon (Orc:4)
  3 gargoyles
  Psyche (Orc:2)
  7 komodo dragons
  A yaktaur (D:14)
  The ghost of KingBobson the Shield-Bearer, an experienced GrFi (D:5)
  15 spiny frogs
  A tengu conjurer (D:14)
  2 polar bears
  2 two-headed ogres (Volcano)
  A human skeleton (D:14)
  8 slime creatures
  2 baby alligators (Swamp:1)
  A hornet zombie (D:12)
  A boulder beetle (Lair:6)
  3 trolls (D:14)
  4 bog bodies
  4 ravens (Swamp:1)
  11 blink frogs
  5 shadows
  A fire elemental (D:12)
  5 spriggans
  A water elemental (D:15)
  2 fire bats (Volcano)
  A redback (Lair:3)
  6 deep elf magi
  14 yaks
  8 hippogriffs
  5 hungry ghosts
  10 vampire mosquitoes
  2 wargs
  2 humans
  16 swamp worms
  17 wolves
  5 porcupines
  2 deep elf fighters (Volcano)
  17 water moccasins
  8 ogres
  5 swamp drakes
  3 spiders (Lair:3)
  3 ice beasts
  6 wasps
  A sky beast (D:10)
  4 black bears
  A phantom (D:11)
  18 orc warriors
  2 boring beetles
  8 crocodiles
  Duvessa (D:6)
  15 centaurs
  2 big kobolds
  15 giant frogs
  9 wights
  2 troll zombies (D:11)
  19 killer bees
  2 scorpions
  4 jellies
  16 hounds
  3 crimson imps
  2 quasits (D:9)
  Dowan (D:6)
  17 orc priests
  2 centaur zombies
  9 electric eels
  3 giant frog skeletons
  A giant frog zombie (D:10)
  4 centaur skeletons
  22 orc wizards
  7 iguanas
  11 worker ants
  18 sheep
  4 ogre zombies (D:11)
  Ijyb (D:6)
  Jessica (D:3)
  2 mummies (D:12)
  A worker ant zombie (D:5)
  4 gnolls
  26 adders
  3 shadow imps
  42 river rats
  2 giant mites
  3 worms
  An adder zombie (D:8)
  2 adder skeletons
  6 giant geckos
  7 oozes
  130 orcs
  7 giant cockroaches
  23 hobgoblins
  5 jackals
  5 ball pythons
  16 bats
  A giant gecko zombie (D:5)
  A giant newt (D:1)
  2 giant spores
  11 goblins
  A goblin skeleton (D:11)
  2 goblin zombies (D:11)
  2 hobgoblin skeletons (D:11)
  2 jackal skeletons
  A jackal zombie (D:6)
  25 kobolds
  7 orc skeletons (D:11)
  7 orc zombies (D:11)
  17 quokkas
  A quokka skeleton (D:5)
  44 rats
  16 ballistomycetes
  A plant (Swamp:3)
975 creatures vanquished.

Vanquished Creatures (collateral kills)
  4 river rats (Lair:3)
4 creatures vanquished.

Vanquished Creatures (others)
  A hydra (Swamp:3)
  A fire drake (Volcano)
  A wyvern (D:9)
  2 yaks (D:9)
  A deep elf mage (D:12)
  A spriggan (Swamp:3)
  A slave (D:9)
  2 water moccasins (Lair:8)
  A black bear (D:9)
  A wasp (Swamp:3)
  A jelly (D:9)
  An orc priest (Orc:4)
  3 adders (Lair:8)
  4 orcs
  A kobold (D:9)
  A giant spore (D:8)
  A ballistomycete (D:6)
  5 fungi
29 creatures vanquished.

Grand Total: 1008 creatures vanquished

Notes
Turn   | Place    | Note
--------------------------------------------------------------
     0 | D:1      | JohnnyRipsauce, the Kobold Berserker, began the quest for the Orb.
     0 | D:1      | Reached XP level 1. HP: 14/14 MP: 1/1
   253 | D:1      | Reached skill level 1 in Throwing
   262 | D:1      | Reached XP level 2. HP: 16/19 MP: 2/2
   335 | D:1      | Reached XP level 3. HP: 23/23 MP: 3/3
   950 | D:2      | Reached skill level 5 in Short Blades
   950 | D:2      | Reached skill level 1 in Stealth
   964 | D:2      | Acquired Trog's second power
   964 | D:2      | Reached XP level 4. HP: 17/28 MP: 4/4
  1387 | D:2      | Found a glowing silver altar of Zin.
  1825 | D:2      | Reached XP level 5. HP: 29/32 MP: 5/5
  1935 | D:3      | Acquired Trog's third power
  2304 | D:3      | Noticed Jessica
  2317 | D:3      | Killed Jessica
  2551 | D:3      | Reached skill level 6 in Short Blades
  2886 | D:4      | Reached XP level 6. HP: 17/37 MP: 6/6
  3522 | D:4      | Found a basalt altar of Yredelemnul.
  3921 | D:4      | Reached XP level 7. HP: 41/41 MP: 7/7
  4059 | D:4      | Reached skill level 7 in Short Blades
  4108 | D:5      | Entered Level 5 of the Dungeon
  4111 | D:5      | Found Zuehoeh's Jewellery Shop.
  4162 | D:5      | Got a scorched long sword
  4163 | D:5      | Identified the cursed +3 long sword "Ychul" {pain, rPois rF+ rC- Int+2 Dex+4} (You found it on level 5 of the Dungeon)
  4210 | D:5      | Found a blossoming altar of Fedhas.
  4264 | D:5      | Noticed KingBobson's ghost (experienced GrFi)
  4275 | D:5      | Killed KingBobson's ghost
  4275 | D:5      | Reached skill level 8 in Short Blades
  4352 | D:5      | Reached XP level 8. HP: 37/46 MP: 8/8
  4404 | D:5      | Found Shrotap's Armour Emporium.
  4532 | D:5      | Reached skill level 5 in Stealth
  4538 | D:5      | Reached skill level 5 in Dodging
  4600 | D:5      | Reached skill level 5 in Throwing
  4637 | D:5      | Found an ancient bone altar of Kikubaaqudgha.
  4652 | D:5      | Found a white marble altar of Elyvilon.
  4653 | D:5      | Found a sparkling altar of Nemelex Xobeh.
  4913 | D:6      | Found Struwk's Jewellery Shoppe.
  5040 | D:6      | Noticed Dowan
  5041 | D:6      | Noticed Duvessa
  5072 | D:6      | Killed Dowan
  5333 | D:6      | Killed Duvessa
  5476 | D:6      | Found a staircase to the Ecumenical Temple.
  5522 | D:6      | Reached skill level 9 in Short Blades
  5675 | D:6      | Noticed Ijyb
  5696 | D:6      | Killed Ijyb
  5760 | D:6      | Reached XP level 9. HP: 48/51 MP: 9/9
  6062 | D:7      | Received a gift from Trog
  6109 | D:7      | Got a transparent ring mail
  6120 | D:7      | Identified the +3 ring mail of Boredom {-Tele +Fly rN+} (You found it on level 7 of the Dungeon)
  6707 | D:7      | Received a gift from Trog
  6795 | D:8      | Received a gift from Trog
  7020 | D:8      | Reached skill level 1 in Evocations
  7020 | D:8      | Reached XP level 10. HP: 56/56 MP: 11/11
  7158 | D:8      | Found a deep blue altar of Sif Muna.
  7518 | D:8      | Received a gift from Trog
  7649 | D:9      | Noticed Pikel
  7657 | D:9      | Killed Pikel
  7744 | D:9      | Found Gha Mila's Book Shoppe.
  7765 | D:9      | Reached skill level 10 in Stealth
  7836 | D:9      | Reached skill level 10 in Short Blades
  7861 | D:9      | Received a gift from Trog
  7960 | D:9      | Found a staircase to the Lair.
  8084 | D:9      | Noticed a hill giant
  8096 | D:9      | Killed a hill giant
  8096 | D:9      | Reached skill level 5 in Evocations
  8096 | D:9      | Reached XP level 11. HP: 34/60 MP: 16/19
  8196 | D:9      | Reached skill level 11 in Short Blades
  8200 | D:9      | Reached skill level 10 in Throwing
  8659 | D:10     | Entered Level 10 of the Dungeon
  8929 | D:10     | Noticed busb's ghost (experienced OpSu)
  8937 | D:10     | Killed busb's ghost
  9401 | Lair:1   | Entered Level 1 of the Lair of Beasts
  9457 | Lair:1   | Received a gift from Trog
  9500 | Lair:1   | Identified the Reference Book on Calling and the Voyage
  9711 | Lair:1   | Reached skill level 12 in Short Blades
 10225 | Lair:2   | Reached skill level 10 in Dodging
 11288 | Lair:3   | Reached XP level 12. HP: 64/64 MP: 23/23
 11569 | Lair:3   | Received a gift from Trog
 11620 | Lair:3   | Found a staircase to the Swamp.
 11896 | Lair:3   | Found a hole to the Spider Nest.
 11905 | Lair:3   | Reached skill level 13 in Short Blades
 12691 | D:5      | Bought the +2 pair of boots of the Elven Halls {rElec rPois rF+ Int+3} for 644 gold pieces
 13476 | Lair:4   | Noticed Nergalle
 13494 | Lair:4   | Killed Nergalle
 14004 | Lair:4   | Found a staircase to the Swamp.
 14401 | Lair:5   | Reached skill level 10 in Evocations
 14441 | Lair:5   | Noticed a seven-headed hydra
 14450 | Lair:5   | Killed a seven-headed hydra
 14517 | Lair:5   | Reached XP level 13. HP: 65/68 MP: 26/26
 14723 | Lair:5   | Received a gift from Trog
 15328 | Lair:6   | Reached skill level 14 in Short Blades
 15988 | Lair:7   | Noticed Snorg
 15996 | Lair:7   | Killed Snorg
 16141 | Lair:7   | Gained mutation: Your magical capacity is low (-10% MP). [mutagenic glow]
 16148 | Lair:7   | Found a dark tunnel.
 16155 | Volcano  | Entered a volcano
 16845 | Lair:7   | Reached skill level 5 in Fighting
 17176 | Lair:7   | Got a creamy pearl robe
 17187 | Lair:7   | Identified the +1 robe of Cowardice {rCorr Dex+5} (You found it on level 7 of the Lair of Beasts)
 17682 | Lair:8   | Entered Level 8 of the Lair of Beasts
 17804 | Lair:8   | Gained mutation: You are dopey. (Int -2) [mutagenic glow]
 18219 | Lair:8   | Received a gift from Trog
 18286 | Lair:8   | Reached XP level 14. HP: 79/79 MP: 8/26
 18368 | Lair:8   | Found a staircase to the Slime Pits.
 18883 | Lair:8   | Received a gift from Trog
 19622 | Spider:1 | Entered Level 1 of the Spider Nest
 19974 | D:11     | Received a gift from Trog
 20209 | D:11     | Found a glowing golden altar of the Shining One.
 20236 | D:11     | Received a gift from Trog
 20237 | D:11     | Got a pitted rapier {god gift}
 20238 | D:11     | Identified the +3 rapier "Cohuqed" {drain, rN+ Dex+2} (Trog gifted it to you on level 11 of the Dungeon)
 20513 | D:11     | Found a staircase to the Orcish Mines.
 20524 | D:11     | Noticed Urug
 20565 | D:11     | Killed Urug
 21183 | D:11     | Reached skill level 15 in Evocations
 21194 | D:11     | Noticed a four-headed hydra
 21202 | D:11     | Killed a four-headed hydra
 21202 | D:11     | Reached skill level 15 in Stealth
 21281 | Orc:1    | Entered Level 1 of the Orcish Mines
 21462 | D:12     | Found Ghahy's Armour Boutique.
 21501 | D:12     | Identified a +4 rod of the swarm (10/10) (You found it on level 8 of the Lair of Beasts)
 21502 | D:12     | Identified a scroll of acquirement
 21867 | D:12     | Reached XP level 15. HP: 88/88 MP: 26/27
 21882 | D:12     | Identified the Tome of Hexes and Dark Secrets (You found it on level 12 of the Dungeon)
 22083 | D:12     | Received a gift from Trog
 22302 | D:13     | Found Waula's Book Emporium.
 23056 | D:14     | Paralysed by an orc sorcerer for 2 turns
 23098 | D:14     | Found a gate to the Vaults.
 23119 | D:14     | Gained mutation: You tend to lose your temper in combat. [mutagenic glow]
 23185 | D:14     | Reached skill level 16 in Stealth
 23799 | Orc:2    | Noticed Psyche
 23804 | Orc:2    | Killed Psyche
 24073 | Orc:2    | Received a gift from Trog
 24094 | Orc:3    | Noticed Joseph
 24107 | Orc:3    | Killed Joseph
 24155 | Orc:3    | Found a burning altar of Makhleb.
 24201 | Orc:3    | Received a gift from Trog
 24315 | Orc:3    | Found a glowing silver altar of Zin.
 24353 | Orc:3    | Noticed Erolcha
 24355 | Orc:3    | Killed Erolcha
 24379 | Orc:4    | Entered Level 4 of the Orcish Mines
 24379 | Orc:4    | Found a roughly hewn altar of Beogh.
 24683 | Orc:4    | Received a gift from Trog
 25017 | Orc:4    | Received a gift from Trog
 25083 | Orc:4    | Found Kaena's Gadget Boutique.
 25087 | Orc:4    | Found Stoun's General Store.
 25102 | Orc:4    | Paralysed by an orc sorcerer for 6 turns
 25161 | Orc:4    | Reached skill level 10 in Fighting
 25279 | Orc:4    | Found Anao's Assorted Antiques.
 25280 | Orc:4    | Bought a scroll of magic mapping for 52 gold pieces
 25281 | Orc:4    | Found Quoc's Food Boutique.
 25572 | D:15     | Entered Level 15 of the Dungeon
 25684 | D:15     | Reached skill level 17 in Stealth
 25819 | D:15     | Reached XP level 16. HP: 98/98 MP: 28/28
 25880 | D:15     | Reached skill level 15 in Dodging
 25891 | D:15     | Received a gift from Trog
 25928 | D:15     | Gained mutation: Your spells are a little harder to cast, but a little more powerful. [mutagenic glow]
 26238 | D:15     | Found a staircase to the Depths.
 26664 | D:9      | Received a gift from Trog
 27012 | D:5      | Bought the amulet "Yggibealunu" {Ward rC+ rN+ Str+2 Dex+5 Slay+2} for 573 gold pieces
 27670 | Swamp:1  | Entered Level 1 of the Swamp
 27760 | Swamp:1  | Received a gift from Trog
 27956 | Swamp:1  | Gained mutation: Your body is slowly deteriorating. [mutagenic glow]
 28098 | Swamp:1  | Gained mutation: You often lose your temper in combat. [mutagenic glow]
 28220 | Swamp:1  | Received a gift from Trog
 28491 | Swamp:1  | Reached skill level 1 in Shields
 29545 | Swamp:2  | Received a gift from Trog
 29925 | Swamp:3  | Noticed a thorn hunter
 29928 | Swamp:3  | Killed a thorn hunter
 30008 | Swamp:3  | Noticed a thorn hunter
 30063 | Swamp:3  | Killed a thorn hunter
 30066 | Swamp:3  | Reached skill level 5 in Shields
 30102 | Swamp:3  | Slain by a spectral six-headed hydra

Action                   |  1- 3 |  4- 6 |  7- 9 | 10-12 | 13-15 | 16-18 || total
-------------------------+-------+-------+-------+-------+-------+-------++-------
Melee: Short sword       |    74 |   229 |    28 |       |       |       ||   331
       Long sword        |       |       |   293 |   603 |    20 |       ||   916
       Rapier            |       |       |       |    73 |     2 |       ||    75
       Quick blade       |       |       |       |       |  1009 |   294 ||  1303
Throw: Stone             |       |       |     8 |    13 |       |       ||    21
       Tomahawk          |       |       |       |     3 |       |       ||     3
Invok: Berserk           |       |     5 |    15 |    20 |    12 |     5 ||    57
       Trog's Hand       |       |     1 |       |     1 |       |       ||     2
       Burn Spellbooks   |       |       |       |     3 |     6 |       ||     9
       Brothers in Arms  |       |       |       |     1 |       |       ||     1
 Abil: Evoke Invisibilit |       |       |       |     6 |    42 |    12 ||    60
       Evoke Flight      |       |       |       |     1 |     7 |       ||     8
       Turn Visible      |       |       |       |       |     1 |     1 ||     2
  Use: Scroll            |       |     5 |       |    27 |    17 |     2 ||    51
       Potion            |       |       |       |       |     1 |       ||     1
 Stab: Sleeping          |       |     3 |    13 |    36 |   100 |    13 ||   165
       Distracted        |       |       |     3 |     5 |     5 |     3 ||    16
       Invisible         |       |       |       |     6 |    60 |    25 ||    91
  Eat: Chunk             |       |    15 |    25 |    49 |    68 |    16 ||   173
       Royal jelly       |       |       |       |       |     3 |     1 ||     4
       Beef jerky        |       |       |       |       |     1 |     2 ||     3
